 Dungeon Crawl Stone Soup version 0.28-a0-925-gd5e1996cdb (webtiles) character file.

Game seed: 2676600162106817572

36 ders the Digger (level 3, -1/19 HPs)
             Began as a Gargoyle Earth Elementalist on Nov 27, 2021.
             Shot with a stone by a goblin (4 damage)
             ... led by Robin
             ... on level 2 of the Dungeon.
             The game lasted 00:01:58 (1382 turns).

ders the Digger (Gargoyle Earth Elementalist)       Turns: 1382, Time: 00:01:58

Health: -1/19      AC:  5    Str: 11    XL:     3   Next: 37%
Magic:  1/6        EV: 12    Int: 16    God:
Gold:   57         SH:  0    Dex: 10    Spells: 3/7 levels left

rFire   . . .      SeeInvis .   (no weapon)
rCold   . . .      Faith    .   (no shield)
rNeg    + . .      Spirit   .   b - +0 robe
rPois   ∞          Reflect  .   (no helmet)
rElec   +          Harm     .   (no cloak)
rCorr   .          Rampage  .   (no gloves)
Will    .....                   (no boots)
Stlth   ++........              (no amulet)
HPRegen 0.06/turn               (no ring)
MPRegen 0.10/turn               (no ring)

@: no status effects
A: sickness immunity, AC +3, negative energy resistance 1, electricity
resistance, torment resistance 1, petrification resistance
a: no special abilities


You were on level 2 of the Dungeon.
You visited 1 branch of the dungeon, and saw 2 of its levels.

You collected 57 gold pieces.

Inventory:

Missiles
 c - 12 stones
Armour
 b - a +0 robe (worn)
Jewellery
 f - a ring of flight
Scrolls
 g - a scroll of blinking {unknown}
Potions
 a - a potion of curing {unknown}
 d - a potion of flight {unknown}
 e - a potion of brilliance {unknown}


   Skills:
 - Level 1.6 Dodging
 - Level 2.3 Stealth
 + Level 2.5 Spellcasting
 + Level 1.3 Conjurations
 - Level 0.9 Transmutations
 + Level 4.1 Earth Magic


You had 3 spell levels left.
You knew the following spells:

 Your Spells              Type           Power      Damage    Failure   Level
a - Sandblast             Erth           30%        2d9       3%          1
b - Stone Arrow           Conj/Erth      20%        3d8       19%         3

Your spell library contained the following spells:

 Spells                   Type           Power      Damage    Failure   Level
 Passwall                 Tmut/Erth      8%         N/A       11%         2
 Petrify                  Tmut/Erth      10%        N/A       56%         4


Dungeon Overview and Level Annotations

Branches:
Dungeon (2/15)

Altars:
Sif Muna

Annotations:
D:2 Robin


Innate Abilities, Weirdness & Mutations

You are immune to sickness and miasma.
Your stone body is resilient. (AC +3)
You are immune to poison.
You resist negative energy. (rN+)
You are resistant to electric shocks. (rElec)
You are resistant to unholy torment.
You are immune to petrification.


Message History

Casting: Sandblast (safe; 3% risk of failure)
Confirm with . or Enter, or press ? or * to list all spells.
Aiming: Sandblast (safe; 3% risk of failure)
Press: ? - help, Shift-Dir - straight line, f/p - hobgoblin
Aim: a hobgoblin (79% to hit)
The blast of sand hits the hobgoblin.
The hobgoblin is lightly wounded.
Unknown command.
Casting: Sandblast (safe; 3% risk of failure)
Confirm with . or Enter, or press ? or * to list all spells.
Aiming: Sandblast (safe; 3% risk of failure)
Press: ? - help, Shift-Dir - straight line, f/p - hobgoblin
Aim: a hobgoblin (79% to hit)
The blast of sand misses the hobgoblin.
The hobgoblin misses you.
Unknown command.
Casting: Sandblast (safe; 3% risk of failure)
Confirm with . or Enter, or press ? or * to list all spells.
Aiming: Sandblast (safe; 3% risk of failure)
Press: ? - help, Shift-Dir - straight line, f/p - hobgoblin
Aim: a hobgoblin (79% to hit)
The blast of sand hits the hobgoblin.
The hobgoblin is almost dead.
The hobgoblin barely misses you.
Unknown command.
Casting: Sandblast (safe; 3% risk of failure)
Confirm with . or Enter, or press ? or * to list all spells.
Aiming: Sandblast (safe; 3% risk of failure)
Press: ? - help, Shift-Dir - straight line, f/p - hobgoblin
Aim: a hobgoblin (almost dead, 79% to hit)
The blast of sand hits the hobgoblin.
You kill the hobgoblin!
The goblin hits you with a +2 dagger of freezing.
* * * LOW HITPOINT WARNING * * *
The goblin freezes you.
* * * LOW HITPOINT WARNING * * *
Unknown command.
The goblin unwields a +2 dagger of freezing.
The goblin wields a +0 hunting sling.
The goblin shoots a stone.
The stone hits you.
You die...

#........ #######
######### #.....#
#.....#
#.....############
#.....'..........#
#.....##########.#
#.....# #.#
#....@# #.#
#####.# #.#### #g#
#....## #g#
#.#...# #.#
#...... #.#
#...... #.#
#..._.. #.#
##..... #.# #.....


You could see 2 goblins.

Vanquished Creatures
  A dart slug (D:1)
  4 endoplasms
  8 goblins
  4 hobgoblins
  6 kobolds
  A quokka (D:1)
  A frilled lizard (D:1)
  3 rats
28 creatures vanquished.

Notes
Turn   | Place    | Note
-------+----------+-------------------------------------------
     0 | D:1      | ders the Gargoyle Earth Elementalist began the quest for
                  | the Orb.
     0 | D:1      | Reached XP level 1. HP: 10/10 MP: 3/3
   155 | D:1      | Reached XP level 2. HP: 15/15 MP: 3/5
   668 | D:1      | Reached skill level 4 in Earth Magic
   671 | D:1      | Reached skill level 1 in Conjurations
  1068 | D:2      | Reached XP level 3. HP: 19/19 MP: 4/6
  1096 | D:2      | Learned a level 3 spell: Stone Arrow
  1222 | D:2      | Found a shimmering blue altar of Sif Muna.
  1311 | D:2      | Noticed Robin
  1382 | D:2      | Shot with a stone by a goblin

Illustrated notes

Levels and vault maps discovered:
D:1:      erik_arrival_blinker_ship, layout_basic
D:2:      layout_basic, basic_altar, uniq_robin

Skill      XL: |  1  2 |
---------------+-------+-----
Earth Magic    | 4 |  4.1
Conjurations   | 1 |  1.3
Dodging        | |  1.6
Stealth        | |  2.3
Spellcasting   | |  2.5
Transmutations | |  0.9

Action                   || total
-------------------------++-------
Melee: Unarmed           ||     9
 Cast: Sandblast         ||    39
Armor: Robe              ||     6
Dodge: Dodged            ||    17

Table legend: (Time is in decaauts)
 A = Elapsed time spent in this place.
 B = Non-inter-level travel time spent in this place.
 C = Inter-level travel time spent in this place.
 D = Time resting spent in this place.
 E = Time spent auto-exploring this place.
 F = Levels seen in this place.
 G = Mean time per level.
                   A        B        C        D        E       F      G
               +--------+--------+--------+--------+--------+-----+--------+
         Total |   1381 |   1358 |     23 |    161 |    989 |   2 |  690.5 |
       Dungeon |   1381 |   1358 |     23 |    161 |    989 |   2 |  690.5 |
               +--------+--------+--------+--------+--------+-----+--------+

Top non-repeatable levels by time:
     D:1: 881 daAuts
     D:2: 500 daAuts
